 Dungeon Crawl Stone Soup version 0.22-a0-369-gc73351f (webtiles) character file.

358 adolchristin the Chopper (level 6, -1/53 HPs)
             Began as a Draconian Berserker on Apr 24, 2018.
             Was a Believer of Trog.
             Slain by an orc wizard
             ... wielding a +0 dagger
              (5 damage)
             ... on level 3 of the Dungeon.
             The game lasted 00:03:05 (1429 turns).

adolchristin the Chopper (Draconian Berserker)      Turns: 1429, Time: 00:03:06

Health: -1/53      AC:  7    Str: 21    XL:     6   Next: 37%
Magic:  6/6        EV: 13    Int:  7    God:    Trog [**....]
Gold:   120        SH:  4    Dex: 11    Spells: 5/5 levels left

rFire    . . .     SeeInvis .   a - +0 hand axe
rCold    . . .     Gourm    .   n - +0 buckler
rNeg     . . .     Faith    .   (armour unavailable)
rPois    .         Spirit   .   (helmet restricted)
rElec    .         Reflect  .   (no cloak)
rCorr    +         Harm     .   (no gloves)
MR       .....                  g - +0 pair of boots
Stlth    +.........             (no amulet)
HPRegen  0.17/turn              l - ring of resist corrosion
MPRegen  0.10/turn              (no ring)

@: berserk cooldown, slowed, very slow
A: unfitting armour, cold-blooded, AC +6
a: Berserk, Trog's Hand, Renounce Religion


You were on level 3 of the Dungeon.
You worshipped Trog.
Trog was pleased with you.
You were very hungry.

You visited 1 branch of the dungeon, and saw 3 of its levels.

You collected 120 gold pieces.

Inventory:

Hand Weapons
 a - a +0 hand axe (weapon)
Armour
 g - a +0 pair of boots (worn)
 n - a +0 buckler (worn)
Jewellery
 l - a ring of resist corrosion (left hand)
Scrolls
 d - 4 scrolls of teleportation {unknown}
 e - 3 scrolls of remove curse
 h - a scroll of immolation {unknown}
 j - a scroll of magic mapping {unknown}
 k - 5 scrolls of identify {unknown}
Potions
 f - 4 potions of heal wounds {unknown}
 i - 2 potions of magic {unknown}
 m - a potion of curing {unknown}
 o - a potion of might {unknown}
 p - a potion of haste {unknown}
 q - a potion of berserk rage {unknown}
 r - a potion of flight {unknown}
 s - a potion of degeneration {unknown}
Comestibles
 b - 5 rations
 c - 2 chunks of flesh


   Skills:
 + Level 4.6 Fighting
 * Level 5.2 Axes
 + Level 3.8 Dodging
 + Level 2.1 Shields


You had 5 spell levels left.
You didn't know any spells.

Dungeon Overview and Level Annotations

Branches:
Dungeon (3/15)

Altars:
Hepliaklqana
Vehumet


Innate Abilities, Weirdness & Mutations

Your plain brown scales are hard. (AC +6)
You cannot fit into any form of body armour.
You are cold-blooded and may be slowed by cold attacks.


Message History

The orc wizard points at you and mumbles some strange words.
The magic dart hits you!
* * * LOW HITPOINT WARNING * * *
You hit the orc wizard.
The orc wizard is heavily wounded.
The orc wizard hits you but does no damage.
The orc wizard hits you with a dagger.
* * * LOW HITPOINT WARNING * * *
The orc wizard hits you with a dagger.
* * * LOW HITPOINT WARNING * * *
You slash the orc wizard!
The orc wizard is almost dead.
The orc wizard closely misses you. The orc wizard hits you with a dagger.
* * * LOW HITPOINT WARNING * * *
You barely miss the orc wizard.
The orc wizard is almost dead.
You hit the orc wizard.
The orc wizard mumbles some strange words.
The orc wizard blinks!
The orc wizard hits you with a dagger.
You die...

#.# #.# #.#
#.# #.# #.#
#o# #o# #
####@# ###
... ..##ยง#
... ..#.#
#.##)# ...
..#.# #.##.#
### #.#.#
#.##.# #
#.#.# #.##.#
#
#.#.####.##.#
#.#.#.......#
#...#.##.####


You could see 2 orc wizards.

Vanquished Creatures
  Grinder (D:3)
  An orc wizard (D:3)
  4 adders (D:2)
  4 gnolls (D:2)
  A dart slug (D:2)
  4 orcs (D:3)
  A ball python (D:2)
  5 giant cockroaches
  6 goblins
  7 hobgoblins
  4 bats
  7 frilled lizards
  5 kobolds
  11 rats
61 creatures vanquished.

Notes
Turn   | Place    | Note
-------+----------+-------------------------------------------
     0 | D:1      | adolchristin the Draconian Berserker began the quest for the Orb.
     0 | D:1      | Reached XP level 1. HP: 19/19 MP: 1/1
   129 | D:1      | Reached XP level 2. HP: 20/26 MP: 2/2
   619 | D:1      | Reached ** piety under Trog
   723 | D:2      | Reached XP level 3. HP: 33/33 MP: 3/3
   815 | D:2      | Reached skill level 4 in Axes
   893 | D:2      | Reached XP level 4. HP: 40/40 MP: 4/4
   952 | D:2      | Found a radiant altar of Vehumet.
  1242 | D:3      | Found a hazy altar of Hepliaklqana.
  1251 | D:3      | Noticed Grinder
  1272 | D:3      | Reached skill level 1 in Shields
  1312 | D:3      | Killed Grinder
  1312 | D:3      | Reached skill level 5 in Axes
  1312 | D:3      | Reached XP level 5. HP: 38/47 MP: 5/5
  1312 | D:3      | Reached XP level 6. HP: 43/53 MP: 6/6
  1429 | D:3      | Slain by an orc wizard

Vault maps used:
D:1:      onia_arrival_larder
D:2:      nicolae_overflow_crystal_walls, first_ration, minmay_misc_feat_rugged
D:3:      fedhas_altar_3, lemuel_doored_altar, uniq_grinder, uniq_terence

Skill      XL: |  1  2  3  4 |
---------------+-------------+-----
Dodging        | 3 |  3.8
Axes           | 4 5 |  5.2
Fighting       | 4 |  4.6
Shields        | 2 |  2.1

Action                   |  1- 3 |  4- 6 || total
-------------------------+-------+-------++-------
Melee: Hand axe          |    96 |    72 ||   168
       Tailslap          |     7 |     6 ||    13
Invok: Berserk           |     2 |     3 ||     5
       Trog's Hand       |       |     2 ||     2
  Use: Scroll            |       |     1 ||     1
 Stab: Sleeping          |     2 |       ||     2
  Eat: Chunk             |     1 |     5 ||     6
Armor: Skin              |    26 |    19 ||    45
Dodge: Dodged            |    54 |    35 ||    89
Block: Buckler           |       |     8 ||     8

Table legend:
 A = Spawn XP
 B = Non-spawn XP
 C = Spawn XP percentage of total XP
 D = Spawn monster count
 E = Non-spawn monster count
 F = Spawn count percentage of total count
 G = Total turns spent on level
                    A         B        C        D         E        F      G
               +---------+---------+-------+---------+---------+-------+---------
         Total |       0 |     512 |   0.0 |       0 |      61 |   0.0 |  1429
               +---------+---------+-------+---------+---------+-------+---------
           D:1 |       0 |      39 |   0.0 |       0 |      27 |   0.0 |   717
           D:2 |       0 |     131 |   0.0 |       0 |      21 |   0.0 |   480
           D:3 |       0 |     342 |   0.0 |       0 |      13 |   0.0 |   232
               +---------+---------+-------+---------+---------+-------+---------
